 Dungeon Crawl Stone Soup version 0.26-a0-524-g073066f (webtiles) character file.

Game seed: 13293272832739499959

139 tardwrangler69 the Digger (level 5, 0/28 HPs)
             Began as a Gargoyle Earth Elementalist on Aug 13, 2020.
             Slain by an orc
             ... wielding a +0 mace
              (4 damage)
             ... on level 3 of the Dungeon.
             The game lasted 00:02:46 (2860 turns).

tardwrangler69 the Digger (GrEE)                    Turns: 2860, Time: 00:02:46

Health: 0/28       AC:  6    Str: 11    XL:     5   Next: 22%
Magic:  4/8        EV: 12    Int: 17    God:
Gold:   77         SH:  0    Dex: 10    Spells: 7/8 levels left

rFire    . . .     SeeInvis .   g - +0 short sword
rCold    . . .     Faith    .   (no shield)
rNeg     + . .     Spirit   .   c - +0 robe
rPois    ∞         Reflect  .   (no helmet)
rElec    +         Harm     .   (no cloak)
rCorr    .                      (no gloves)
MR       .....                  (no boots)
Stlth    ++........             (no amulet)
HPRegen  0.09/turn              (no ring)
MPRegen  0.11/turn              (no ring)

@: slowed, very slow
A: negative energy resistance 1, electricity resistance, unbreathing,
petrification resistance, rot immunity, AC +4
a: no special abilities


You were on level 3 of the Dungeon.
You visited 1 branch of the dungeon, and saw 3 of its levels.

You collected 77 gold pieces.

Inventory:

Hand Weapons
 g - a +0 short sword (weapon)
Missiles
 b - 42 stones (quivered)
Armour
 c - a +0 robe (worn)
Scrolls
 e - 3 scrolls of identify {unknown}
 f - a scroll of teleportation {unknown}
 h - a scroll of remove curse {unknown}
 i - a scroll of fog {unknown}
Potions
 a - a potion of stabbing {unknown}
 d - a potion of curing {unknown}
 j - 2 potions of haste {unknown}
 k - a potion of cancellation {unknown}
 l - a potion of heal wounds {unknown}
 m - a potion of brilliance {unknown}


   Skills:
 - Level 1.5 Dodging
 - Level 2.1 Stealth
 - Level 2.0 Spellcasting
   Level 0.7 Transmutations
 + Level 6.9 Earth Magic


You had 7 spell levels left.
You knew the following spells:

 Your Spells              Type           Power        Failure   Level
a - Sandblast             Erth           ####..       1%          1

Your spell library contained the following spells:

 Spells                   Type           Power        Failure   Level
 Passwall                 Tmut/Erth      ##......     6%          2
 Stone Arrow              Conj/Erth      ##....       14%         3
 Lee's Rapid Deconstruct  Erth           ####......   30%         5
 Petrify                  Tmut/Erth      ##......     36%         4


Dungeon Overview and Level Annotations

Branches:
Dungeon (3/15)

Altars:


Innate Abilities, Weirdness & Mutations

You are resistant to torment.
Your stone body is resilient. (AC +4)
You are immune to poison.
You resist negative energy. (rN+)
You are resistant to electric shocks. (rElec)
You can survive without breathing.
You are immune to petrification.
You are immune to rotting.


Message History

The orc wizard is almost dead.
b - 43 stones The orc closely misses you.
The orc wizard hits you with a +0 dagger.
* * * LOW HITPOINT WARNING * * *
The orc hits you with a +0 mace.
* * * LOW HITPOINT WARNING * * *
Casting: Sandblast (safe; 1% risk of failure)
Confirm with . or Enter, or press ? or * to list all spells.
Aiming: Sandblast (safe; 1% risk of failure)
Press: ? - help, Shift-Dir - straight line, f/p - orc wizard
Aim: an orc wizard, wielding a +0 dagger and wearing a +0 robe (almost dead)
The blast of sand hits the orc wizard!
You kill the orc wizard!
You have reached level 5!
b - 42 stones
Things that are here:
a +0 dagger; a +0 robe The orc hits you with a +0 mace.
You die...

# ################.
................. #
######..######### #.
..............#..
###.#.########.#.###.#.#
.........#..............
#@##.###...#####.#
#.og.......#.....#
####o#.....#.#...#
#..........#.#.#####
######...)...#......
..###.######### ... ...
.... ### ....


You could see 2 orcs and a goblin.

Vanquished Creatures
  An orc wizard (D:3)
  A hound skeleton (D:2)
  4 gnolls (D:2)
  4 worms (D:2)
  A leopard gecko (D:2)
  3 giant cockroaches
  7 goblins
  9 hobgoblins
  5 bats (D:1)
  A frilled lizard (D:1)
  9 kobolds
  3 rats
48 creatures vanquished.

Notes
Turn   | Place    | Note
-------+----------+-------------------------------------------
     0 | D:1      | tardwrangler69 the Gargoyle Earth Elementalist began the
                  | quest for the Orb.
     0 | D:1      | Reached XP level 1. HP: 10/10 MP: 3/3
   204 | D:1      | Reached skill level 4 in Earth Magic
   218 | D:1      | Reached XP level 2. HP: 8/15 MP: 1/5
   946 | D:1      | Reached XP level 3. HP: 16/19 MP: 6/6
   947 | D:1      | Reached skill level 5 in Earth Magic
  2453 | D:2      | Reached XP level 4. HP: 22/24 MP: 3/7
  2454 | D:2      | Reached skill level 6 in Earth Magic
  2858 | D:3      | Reached XP level 5. HP: 4/28 MP: 3/8
  2860 | D:3      | Slain by an orc

Illustrated notes

Levels and vault maps discovered:
D:1:      wander_arrival_lonely_grave, layout_basic
D:2:      layout_basic, eino_tiny_chamber
D:3:      layout_basic, lemuel_round_altar, lemuel_crystal_altar,
          lemuel_doored_altar, chequers_ecumenical_altar_simple_redux

Skill      XL: |  1  2  3  4 |
---------------+-------------+-----
Earth Magic    | 4 5 6 |  6.9
Dodging        | |  1.5
Stealth        | |  2.1
Spellcasting   | |  2.0
Transmutations | |  0.7

Action                   |  1- 3 |  4- 6 || total
-------------------------+-------+-------++-------
Melee: Unarmed           |    50 |       ||    50
       Dagger            |    11 |       ||    11
       Short sword       |   128 |    19 ||   147
 Cast: Sandblast         |    22 |    10 ||    32
 Stab: Sleeping          |     1 |       ||     1
Armor: Robe              |   100 |     7 ||   107
Dodge: Dodged            |   202 |    25 ||   227

Table legend: (Time is in decaauts)
 A = Elapsed time spent in this place.
 B = Non-inter-level travel time spent in this place.
 C = Inter-level travel time spent in this place.
 D = Time resting spent in this place.
 E = Time spent auto-exploring this place.
 F = Levels seen in this place.
 G = Mean time per level.
                   A        B        C        D        E       F      G
               +--------+--------+--------+--------+--------+-----+--------+
         Total |   2876 |   2689 |    187 |      0 |   2224 |   3 |  958.7 |
       Dungeon |   2876 |   2689 |    187 |      0 |   2224 |   3 |  958.7 |
               +--------+--------+--------+--------+--------+-----+--------+

Top non-repeatable levels by time:
     D:2: 1434 daAuts
     D:1: 1377 daAuts
     D:3: 64 daAuts
